 Dungeon Crawl Stone Soup version 0.31-a0-7-g51783674b7 (webtiles) character file.

Game seed: 2896495812993486209

4472 Flugkiller the Cleaver (level 10, -3/89 HPs)
             Began as a Minotaur Fighter on May 5, 2023.
             Was an Elder of Okawaru.
             Slain by a vampire (5 damage)
             ... on level 8 of the Dungeon.
             The game lasted 00:04:52 (7214 turns).

Flugkiller the Cleaver (Minotaur Fighter)           Turns: 7214, Time: 00:04:52

Health: -3/89      AC: 21    Str: 28    XL:     10   Next: 15%
Magic:  0/11       EV:  9    Int:  5    God:    Okawaru [****..]
Gold:   227        SH:  6    Dex: 10    Spells: 9/9 levels left

rFire   . . .        a - +0 war axe
rCold   . . .        c - +1 buckler
rNeg    . . .        r - +0 chain mail
rPois   .            s - +2 hat
rElec   .            k - +2 cloak {Will+}
rCorr   .            F - +2 pair of gloves {Str+3}
SInv    .            E - +0 pair of boots
Will    ++...        H - amulet of guardian spirit Stlth
                     m - ring of willpower
HPRegen 0.34/turn    (no ring)
MPRegen 0.12/turn

%: guardian spirit
@: no status effects
A: horns 2, retaliatory headbutt
a: Renounce Religion, Heroism, Finesse


You were on level 8 of the Dungeon.
You worshipped Okawaru.
Okawaru was greatly pleased with you.
You visited 2 branches of the dungeon, and saw 10 of its levels.

You collected 442 gold pieces.
You spent 215 gold pieces at shops.

Inventory:

Hand Weapons
 a - a +0 war axe (weapon)
Missiles
 n - a throwing net (quivered)
Armour
 c - a +1 buckler (worn)
 k - a +2 cloak of willpower (worn)
   (You found it on level 3 of the Dungeon)
 r - a +0 chain mail (worn)
   (You took it off an orc warrior on level 7 of the Dungeon)
 s - a +2 hat (worn)
   (You found it on level 3 of the Dungeon)
 E - a +0 pair of boots (worn)
   (You found it on level 6 of the Dungeon)
 F - a +2 pair of gloves of strength (worn)
   (You bought it in a shop on level 4 of the Dungeon)
Jewellery
 m - a ring of willpower (left hand)
   (You found it on level 1 of the Dungeon)
 v - a +5 ring of evasion
   (You found it on level 8 of the Dungeon)
 H - an amulet of guardian spirit (around neck)
   (You found it on level 4 of the Dungeon)
Wands
 j - a wand of mindburst (13)
   (You found it on level 7 of the Dungeon)
 u - a wand of light (18)
   (You found it on level 4 of the Dungeon)
Scrolls
 b - 2 scrolls of immolation
 e - 3 scrolls of poison
 f - 3 scrolls of butterflies
 p - a scroll of silence {unknown}
 t - 3 scrolls of teleportation
 x - 2 scrolls of enchant armour
 z - a scroll of blinking
 A - 2 scrolls of fear
 B - 2 scrolls of fog
Potions
 d - a potion of might
 g - a potion of ambrosia
 h - a potion of haste {unknown}
 i - a potion of flight {unknown}
 l - 2 potions of lignification
 o - a potion of attraction
 q - 3 potions of curing
 w - 3 potions of heal wounds
 y - a potion of mutation {unknown}
 C - a potion of experience {unknown}
 D - a potion of magic {unknown}
 G - 2 potions of cancellation {unknown}


   Skills:
 + Level 8.3 Fighting
 * Level 10.6 Axes
 + Level 8.2 Armour
 + Level 8.2 Shields
 + Level 3.8 Invocations
 + Level 3.4 Evocations


You had 9 spell levels left.
You didn't know any spells.
Your spell library was empty.

Dungeon Overview and Level Annotations

Branches:
Dungeon (9/15)             Temple (1/1) D:4
   Lair: D:8-11         Orc: D:9-12

Altars:
Dithmenos
Elyvilon
Hepliaklqana
Kikubaaqudgha
Nemelex Xobeh
Okawaru
Qazlal
Sif Muna
Trog
Uskayaw
Vehumet
Wu Jian
The Shining One

Shops:
D:4 [[(   D:7 :   D:8 [

Portals:
Abyss: D:7

Annotations:
D:5 1 runed translucent door, makewrite's ghost, novice SpHu
D:7 2 transporters, aMcNicky's ghost, novice MeEE


Innate Abilities, Weirdness & Mutations

You have a pair of horns on your head.
You reflexively headbutt those who attack you in melee.


Message History

Unknown command.
There are monsters nearby!
There are monsters nearby!
There are monsters nearby!
You slice the centaur!!
You kill the centaur!
Okawaru accepts your kill.
You completely miss the two-headed ogre.
You headbutt the two-headed ogre.
The two-headed ogre is lightly wounded.
You hit the hornet. You hit the vampire but do no damage.
You barely miss the wraith.
The hornet stings you but does no damage.
You block the wraith's attack.
The two-headed ogre hits you but does no damage.
The two-headed ogre misses you.
The hornet stings you but does no damage.
The vampire barely misses you. You furiously retaliate!
You headbutt the vampire! You block the vampire's attack.
You hit the vampire but do no damage.
The vampire is moderately damaged.
You barely miss the wraith. You hit the two-headed ogre.
You barely miss the hornet. You hit the howler monkey.
The howler monkey hits you but does no damage.
You block the hornet's attack.
You hit the vampire but do no damage.
The vampire is moderately damaged.
You barely miss the wraith. You hit the two-headed ogre. You miss the hornet.
You closely miss the howler monkey. You block the hornet's attack.
The wraith closely misses you. You furiously retaliate!
You headbutt the wraith!
The vampire hits you but does no damage.
The vampire bites you but does no damage.
The howler monkey hoots and howls with incredible vigour!
You block the two-headed ogre's attack.
The two-headed ogre hits you with a +0 giant club.
The wraith hits you but does no damage. The hornet closely misses you.
You furiously retaliate!
You headbutt the hornet!
The vampire hits you but does no damage.
The vampire barely misses you.
You slash the hornet!
The hornet is almost dead.
You hit the two-headed ogre. You barely miss the howler monkey.
You slash the vampire! You hit the wraith.
You block the howler monkey's attack. The hornet stings you.
You are poisoned.
You feel yourself slow down. You block the wraith's attack.
The two-headed ogre hits you with a +0 giant club.
The two-headed ogre closely misses you.
The howler monkey hits you but does no damage.
The vampire draws life force from you!
The vampire is healed by the life force!
You barely miss the hornet. Your headbutt misses the hornet.
The hornet is almost dead.
You hit the vampire. You hit the wraith but do no damage.
You hit the two-headed ogre. You slash the howler monkey!
You feel yourself speed up.
You feel very sick. You block the hornet's attack.
The howler monkey hits you but does no damage.
The hornet stings you.
You feel yourself slow down. The wraith closely misses you.
You furiously retaliate!
You headbutt the wraith!
The vampire hits you but does no damage.
The vampire bites you.
The vampire draws strength from your injuries!
The two-headed ogre hits you with a +0 giant club!
You block the two-headed ogre's attack.
The howler monkey hits you but does no damage.
The hornet stings you but does no damage.
As you read the scroll of fear, it crumbles to dust.
You assume a fearsome visage.
The hornet looks frightened!
The vampire is unaffected.
The wraith is unaffected.
The two-headed ogre resists with some effort.
The howler monkey looks frightened!
You feel sick. The wraith closely misses you.
The vampire hits you but does no damage.
The vampire barely misses you.
The two-headed ogre hits you with a +0 giant club!
The two-headed ogre closely misses you. The wraith hits you but does no damage.
The vampire completely misses you.
The vampire bites you but does no damage.
You feel yourself speed up.
You feel sick. The wraith barely misses you.
The vampire hits you but does no damage.
The vampire barely misses you.
The two-headed ogre hits you with a +0 giant club!!
* * * LOW HITPOINT WARNING * * *
You block the two-headed ogre's attack.
You climb upwards.
* * * LOW HITPOINT WARNING * * *
You feel sick.
There is a stone staircase leading down here.
As you read the scroll of fear, it crumbles to dust.
You assume a fearsome visage.
The two-headed ogre looks frightened!
The wraith is unaffected.
The vampire is unaffected.
You feel sick.
You are no longer poisoned.
The wraith barely misses you. The vampire closely misses you.
The vampire bites you!
You die...

##.##..## #.# #.##.#.## ##.#.##
#.# #>##.>..# ##..# ##'##
#.####..# ####.###### ##[[)##
#.####..# ##.........# ##.....##
#.......# #........#.###.......##
###.###.#
#..##..).#.##(........####...##.#
.......))...'.........'.......#.#
#..###...#.##..O@.....####...##.#
#........#.###..VW...## ##.#...#
##.###.###.# ##.....## ###...#
#.........# ##...## #...#
#####.##### ##+## ##.## #.# #.#
#.# #.# #.# #.# #.# ##.#### #.#
#.# ##.....# #.#


You could see a two-headed ogre (fleeing), a vampire and a wraith.

Vanquished Creatures
  A two-headed ogre (D:6)
  Pikel (D:8)
  A shadow (D:8)
  A wyvern (D:7)
  2 steam dragons (D:8)
  Eustachio (D:4)
  3 water moccasins
  3 orc warriors
  2 sky beasts
  A black bear (D:6)
  An ice beast (D:7)
  2 centaurs
  2 ogres
  2 lemures (D:8)
  A phantom (D:5)
  2 kobold brigands
  A bullfrog (D:6)
  3 scorpions
  A howler monkey (D:7)
  3 hounds
  3 gnoll boudas
  2 jellies (D:7)
  An orc priest (D:7)
  An iguana (D:6)
  6 orc wizards
  2 sleepcaps
  29 gnolls
  12 adders
  2 shadow imps
  3 ufetubi
  6 worms
  A dart slug (D:4)
  11 orcs
  5 ball pythons
  3 endoplasms
  2 giant cockroaches
  5 hobgoblins
  3 jackals (D:3)
  6 kobolds
  5 quokkas
  3 bats
  3 frilled lizards
  3 goblins
  4 rats
155 creatures vanquished.

Notes
Turn   | Place    | Note
-------+----------+-------------------------------------------
     0 | D:1      | Flugkiller the Minotaur Fighter began the quest for the
                  | Orb.
     0 | D:1      | Reached XP level 1. HP: 19/19 MP: 0/0
   241 | D:1      | Reached XP level 2. HP: 27/27 MP: 1/1
   423 | D:2      | Reached skill level 3 in Axes
   446 | D:2      | Reached XP level 3. HP: 14/33 MP: 2/2
   641 | D:2      | Reached XP level 4. HP: 40/40 MP: 3/3
   699 | D:2      | Reached skill level 4 in Axes
  1207 | D:3      | Found a faded altar of an unknown god.
  1477 | D:3      | Reached XP level 5. HP: 47/47 MP: 4/4
  2108 | D:4      | Noticed an ogre
  2109 | D:4      | Found Noijam's Weapon Shop.
  2177 | D:4      | Killed an ogre
  2191 | D:4      | Reached skill level 5 in Axes
  2200 | D:4      | Reached XP level 6. HP: 55/55 MP: 5/5
  2205 | D:4      | Reached skill level 5 in Fighting
  2209 | D:4      | Identified the +0 chain mail of the Iron City of Dis
                  | {Contam Str+4 Int+2}
  2261 | D:4      | Reached skill level 5 in Armour
  2261 | D:4      | Reached skill level 5 in Shields
  2261 | D:4      | Found Qauheija's Antique Armour Emporium.
  2299 | D:4      | Found Acippin's Armour Shop.
  2443 | D:4      | Found a staircase to the Ecumenical Temple.
  2531 | Temple   | Entered the Ecumenical Temple
  2614 | Temple   | Became a worshipper of Warmaster Okawaru
  2726 | D:4      | Identified the +1 robe "Seoqeubre" {Harm Str-4 Int+3}
  2790 | D:4      | Reached skill level 6 in Axes
  2818 | D:4      | Found an ornate altar of the Wu Jian Council.
  2869 | D:4      | Reached XP level 7. HP: 33/61 MP: 4/6
  2890 | D:5      | Entered Level 5 of the Dungeon
  3014 | D:4      | Noticed Eustachio
  3042 | D:4      | Killed Eustachio
  3161 | D:4      | Found a shimmering blue altar of Sif Muna.
  3517 | D:5      | Reached * piety under Okawaru
  3518 | D:5      | Reached skill level 7 in Axes
  3695 | D:5      | Reached XP level 8. HP: 70/70 MP: 7/7
  3864 | D:5      | Found a runed translucent door.
  4185 | D:5      | Noticed makewrite's ghost (novice SpHu)
  4233 | D:6      | Reached skill level 8 in Axes
  4276 | D:6      | Found an ancient bone altar of Kikubaaqudgha.
  4276 | D:6      | Found a glowing golden altar of the Shining One.
  4336 | D:6      | Noticed a two-headed ogre
  4604 | D:6      | Killed a two-headed ogre
  4604 | D:6      | Reached ** piety under Okawaru
  4605 | D:6      | Reached skill level 1 in Invocations
  4605 | D:6      | Reached skill level 1 in Evocations
  4628 | D:6      | Reached skill level 9 in Axes
  4628 | D:6      | Reached XP level 9. HP: 66/79 MP: 7/9
  4726 | D:4      | Bought a +2 pair of gloves of strength for 215 gold pieces
  4977 | D:6      | Found a stormy altar of Qazlal.
  5216 | D:7      | Reached *** piety under Okawaru
  5403 | D:7      | Found a transporter.
  5459 | D:7      | Noticed a green ugly thing
  5460 | D:7      | Noticed an ancient zyme
  5472 | D:7      | Noticed aMcNicky's ghost (novice MeEE)
  5506 | D:7      | Noticed a wizard
  5685 | D:7      | Found Rixtoich's Book Shop.
  5744 | D:7      | Found a transporter.
  5745 | D:7      | Found a one-way gate to the infinite horrors of the Abyss.
  5858 | D:7      | Found a hazy altar of Hepliaklqana.
  5859 | D:7      | Found a shadowy altar of Dithmenos.
  6127 | D:8      | Found Giwku's Antique Armour Shop.
  6143 | D:8      | Reached skill level 10 in Axes
  6827 | D:8      | Noticed Pikel
  6834 | D:8      | Reached XP level 10. HP: 64/88 MP: 7/11
  6862 | D:8      | Killed Pikel
  6862 | D:8      | Reached **** piety under Okawaru
  7204 | D:9      | Noticed a two-headed ogre
  7212 | D:9      | HP: 4/89 [two-headed ogre/+0 giant club (22)]
  7214 | D:8      | Slain by a vampire

Illustrated notes

Levels and vault maps discovered:
D:1:      dpeg_arrival_more_subterranean_lakeside_camping, layout_basic
D:2:      layout_rooms
D:3:      layout_basic, ebering_ecumenical_altar_sacrificial
D:4:      layout_basic, mainiacjoe_overflow_two_lobes, temple_statues,
          serial_shops, shop, nicolae_shop_scrapyard, shop, uniq_eustachio
D:5:      layout_basic, ebering_ghost_reflecting_pool
D:6:      lemuel_ice_spiral_2, layout_rooms, mainiacjoe_overflow_alcove_4,
          nicolae_overflow_two_pavilions, minmay_misc_feat_doors
D:7:      layout_basic, riverfiend_overflow_shadow_ancestor, serial_shops, shop,
          gammafunk_ghost_abyssal_escape, kennysheep_path_1
D:8:      layout_loops_corners, serial_shops, shop, blue_anna_alchemist,
          uniq_pikel
D:9:      layout_layer_cave, yredelemnul_altar_generic, orc_0_dummy,
          nicolae_fountain_basement, uniq_harold
Temple:   hc_temple_tempest_star

Skill      XL: |  1  2  3  4  5  6  7  8  9 |
---------------+----------------------------+-----
Axes           | 3 4 5 6 7 9 10 | 10.6
Fighting       | 4 5 6 7 8 |  8.3
Armour         | 4 5 6 7 8 |  8.2
Shields        | 4 5 6 7 8 |  8.2
Invocations    | 1 3 |  3.8
Evocations     | 1 3 |  3.4

Action                     |  1- 3 |  4- 6 |  7- 9 | 10-12 || total
---------------------------+-------+-------+-------+-------++-------
  Melee: War axe           |    39 |   139 |   279 |    32 ||   489
         Headbutt          |     6 |    12 |    50 |     7 ||    75
  Evoke: Wand              |       |       |     2 |       ||     2
    Use: Scroll            |       |     3 |    11 |     2 ||    16
         Potion            |       |     1 |     1 |       ||     2
 Armour: Scale mail        |     9 |    61 |   100 |       ||   170
         Chain mail        |       |       |    69 |    31 ||   100
  Dodge: Dodged            |    30 |    73 |   104 |    22 ||   229
  Block: Buckler           |     7 |    34 |    93 |    16 ||   150

Table legend: (Time is in decaauts)
 A = Elapsed time spent in this place.
 B = Non-inter-level travel time spent in this place.
 C = Inter-level travel time spent in this place.
 D = Time resting spent in this place.
 E = Time spent auto-exploring this place.
 F = Levels seen in this place.
 G = Mean time per level.
                   A        B        C        D        E       F      G
               +--------+--------+--------+--------+--------+-----+--------+
         Total |   7303 |   6669 |    634 |    372 |   5043 |  10 |  730.3 |
       Dungeon |   7210 |   6609 |    601 |    372 |   4993 |   9 |  801.1 |
        Temple |     92 |     59 |     33 |      0 |     50 |   1 |   92.0 |
               +--------+--------+--------+--------+--------+-----+--------+

Top non-repeatable levels by time:
     D:5: 1241 daAuts
     D:4: 1172 daAuts
     D:8: 1149 daAuts
     D:3: 1108 daAuts
     D:7: 946 daAuts
     D:6: 558 daAuts
     D:2: 542 daAuts
     D:1: 480 daAuts
  Temple: 92 daAuts
     D:9: 10 daAuts
